 Dungeon Crawl Stone Soup version 0.28.0-53-g5a82cb258f (webtiles) character file.

Game seed: 16182032129497442390

6822 mortz the Zephyrmancer (level 10, -4/74 HPs)
             Began as a Pale Draconian Air Elementalist on June 28, 2022.
             Was a Priest of Vehumet.
             Killed from afar by Fannar (10 damage)
             ... with a bolt of cold
             ... on level 10 of the Dungeon on June 30, 2022.
             The game lasted 01:12:48 (15230 turns).

mortz the Zephyrmancer (DrAE)                      Turns: 15230, Time: 01:12:49

Health: -4/74      AC: 10    Str: 10    XL:     10   Next: 77%
Magic:  2/33       EV: 13    Int: 20    God:    Vehumet [***...]
Gold:   771        SH:  0    Dex: 15    Spells: 17/29 levels left

rFire   . . .      SeeInvis .   H - +3 long sword (freeze) {long}
rCold   . . .      Faith    .   (no shield)
rNeg    . . .      Spirit   .   (armour unavailable)
rPois   .          Reflect  .   (helmet restricted)
rElec   .          Harm     .   (no cloak)
rCorr   .          Rampage  .   L - +2 pair of gloves {Dex+3}
Will    .....                   (no boots)
Stlth   ++........              (no amulet)
HPRegen 0.22/turn               g - ring of flight
MPRegen 0.23/turn               a - ring of magical power

@: weak-willed, flying, slowed, very slow
A: breathe steam, AC +7, unfitting armour, cold-blooded, steam resistance
a: Breathe Steam, Renounce Religion


You were on level 10 of the Dungeon.
You worshipped Vehumet.
Vehumet was most pleased with you.
You visited 3 branches of the dungeon, and saw 13 of its levels.
You also visited: Ossuary and Bailey.

You collected 771 gold pieces.


Innate Abilities, Weirdness & Mutations

You can breathe blasts of scalding, opaque steam.
Your pale cyan-grey scales are hard. (AC +7)
You cannot fit into any form of body armour.
You are cold-blooded and may be slowed by cold attacks.
You are immune to the effects of steam.


   Skills:
 + Level 2.3 Fighting
 + Level 0.5 Short Blades
 + Level 3.0 Dodging
 + Level 3.4 Stealth
 + Level 10.4 Spellcasting
 + Level 5.9 Conjurations
 + Level 11.0 Air Magic


You had 17 spell levels left.
You knew the following spells:

 Your Spells              Type           Power      Damage    Failure   Level
a - Shock                 Conj/Air       100%       1d9       1%          1
b - Static Discharge      Conj/Air       44%        N/A       1%          2
c - Airstrike             Air            26%        N/A       1%          4
d - Stone Arrow           Conj/Erth      44%        3d9       1%          3
e - Passwall              Tmut/Erth      8%         N/A       10%         2

Your spell library contained the following spells:

 Spells                   Type           Power      Damage    Failure   Level
 Fulminant Prism          Conj/Hex       11%        3d9       5%          4
 Sandblast                Erth           20%        2d7       1%          1
 Poisonous Vapours        Pois/Air       64%        N/A       1%          2
 Conjure Flame            Conj/Fire      22%        6-21      1%          3
 Swiftness                Air            53%        N/A       1%          3
 Ignite Poison            Fire/Tmut/Pois 10%        N/A       5%          3
 Hailstorm                Conj/Ice       22%        3d7       5%          4
 Sticky Flame             Conj/Fire      22%        2d4       5%          4
 Sting                    Tmut/Pois      40%        1d5       7%          1
 Olgreb's Toxic Radiance  Pois           10%        N/A       17%         4
 Cause Fear               Hex            5%         N/A       54%         4
 Ice Form                 Ice/Tmut       10%        N/A       54%         4
 Simulacrum               Ice/Necr       5%         N/A       100%        6
 Dragon Form              Tmut           5%         N/A       100%        7
 Lehudib's Crystal Spear  Conj/Erth      11%        10d4      100%        8
 Dragon's Call            Summ           5%         N/A       100%        9
 Animate Armour           Summ/Erth      Unusable   N/A       N/A         4

Inventory:

Hand Weapons
 x - a +1 rapier of draining {short}
   (You found it on level 5 of the Dungeon)
 y - a +3 scimitar {long}
   (You took it off a wight on level 7 of the Dungeon)
 A - a +3 war axe {axe}
   (You took it off a wight on level 7 of the Dungeon)
 D - a +3 spear {polearm}
   (You took it off a wight on level 8 of the Dungeon)
 F - a +2 dagger of draining {short}
   (You took it off an orc wizard on level 9 of the Dungeon)
 H - a +3 long sword of freezing (weapon) {long}
   (You took it off a wight on level 9 of the Dungeon)
 K - the +1 spear of Dishonesty {vorpal, rC+ rN+, polearm}
   (You found it on level 10 of the Dungeon)

   It inflicts extra damage upon your enemies.
   rC:        It protects you from cold.
   rN:        It protects you from negative energy.
Armour
 L - a +2 pair of gloves of dexterity (worn)
   (You found it in a bailey)
Jewellery
 a - a ring of magical power (right hand)
   (You found it on level 6 of the Dungeon)
 g - a ring of flight (left hand)
   (You found it on level 2 of the Dungeon)
 h - a ring of ice
   (You found it on level 2 of the Dungeon)
 j - a ring of protection from fire
   (You found it on level 2 of the Dungeon)
Wands
 t - a wand of iceblast (20)
   (You found it on level 4 of the Dungeon)
 w - a wand of polymorph (11)
   (You found it on level 5 of the Dungeon)
Scrolls
 i - a scroll of fog {unknown}
 l - a scroll of fear {unknown}
 m - 3 scrolls of immolation {!r!r}
 n - a scroll of acquirement {unknown}
 o - a scroll of enchant armour
 r - a scroll of summoning {unknown}
 B - a scroll of holy word
 C - a scroll of magic mapping {!r}
 E - 2 scrolls of amnesia
 G - a scroll of brand weapon {unknown}
 I - a scroll of blinking {unknown}
Potions
 b - 2 potions of magic
 c - 4 potions of heal wounds {@q2}
 d - 5 potions of curing {@q1}
 e - 2 potions of lignification {!q}
 f - a potion of berserk rage {unknown}
 k - 2 potions of mutation {!q}
 p - 3 potions of attraction {!q}
 q - 2 potions of resistance {unknown}
 u - 3 potions of flight {unknown}
 z - 3 potions of degeneration {unknown}

Dungeon Overview and Level Annotations

Branches:
Dungeon (11/15)            Temple (1/1) D:4            Lair (1/6) D:10
Ossuary (visited)          Bailey (visited)
    Orc: D:9-12

Altars:
Vehumet
Xom

Shops:
D:2 (   D:6 (

Portals:
Abyss: D:8

Annotations:
D:4 Edmund
D:8 2 transporters, DocClef's ghost, novice GnFi
D:10 Fannar

...# ##...## #..#...#.# ####
#.....## #..#...#.# # #......#
#..##..#.# # #......#
#......#.# ##...#.# #........#
#########.####.###..########
#....#######.....#..........
####...#...≈.Y.#..#.##.########
###........#...#@...#.##.#
..........##.P)##e.......#
.##.##..#...P.PP..#.#.####
.##.##..#≈..P>P..≈#.#.#
.##.....#..PP.P...#.#.#
.##.......##...##...#.#
)##.##.....#...#....#.#
.).......#...≈...#..#.#
###.###...#######...#.#


You could see Fannar (weak-willed) and an ice beast (summoned).


Message History

The lightning grounds out.
The ice beast closely misses you. 😕 HP[-2] MP[-1]
You take 2 damage, and now have 72/74 hp.
You lost 1 mp, and now have 1/33 mp.
Casting: Static Discharge (safe; 1% risk of failure)
Confirm with . or Enter, or press ? or * to list all spells.
You don't have enough magic to cast this spell.
The ice beast completely misses you.
Fannar mumbles some strange words.
You fly upwards.
Welcome back to the Dungeon!
The ice beast disappears in a puff of smoke! x2
There is a staircase to the Lair here.
Really read
v - a scroll of vulnerability {!r!r}?
Really read the scroll of vulnerability?
As you read the scroll of vulnerability {!r!r}, it crumbles to dust.
Magic quickly surges around you. Fannar misses you. 😕 HP[+1]
You hit Fannar. Fannar closely misses you.
Fannar hits you with a +0 quarterstaff of freezing.
You feel yourself slow down. Fannar freezes you. 😕 HP[-5] MP[+1]
You take 5 damage, and now have 68/74 hp.
You barely miss Fannar.
You feel yourself speed up.
Fannar hits you with a +0 quarterstaff of freezing!
You feel yourself slow down. Fannar freezes you. Fannar misses you. 😕 HP[-9]
You take 9 damage, and now have 59/74 hp.
You hit Fannar. You punch Fannar, but do no damage.
You feel yourself speed up. Fannar casts a spell at you.
The bolt of cold misses you.
The bolt of cold hits the plant!!
The plant begins to die.
The bolt of cold hits the plant!!!
The plant begins to die.
Fannar misses you. 😕 HP[+1] MP[+1]
You hit Fannar.
Fannar casts a spell.
Fannar blinks!
Fannar casts a spell.
Fannar blinks!
You see here a +0 dagger {short}. 😕 HP[+1]
A nearby plant withers and dies. 😕 MP[+1]
A nearby plant withers and dies.
Fannar gestures at you while chanting. The bolt of cold misses you.
Fannar casts a spell.
You hit Fannar but do no damage.
Your tail-slap misses Fannar.
Fannar points at you and mumbles some strange words.
The bolt of cold hits you!!
The bolt of cold hits the ice beast.
The ice beast completely resists.
The ice beast hits you but does no damage.
Fannar glares icily.
Fannar hits you with a +0 quarterstaff of freezing.
* * * LOW HITPOINT WARNING * * *
You feel yourself slow down. Fannar freezes you.
* * * LOW HITPOINT WARNING * * *
😨 HP[-25]
You take 25 damage, and now have 36/74 hp.
MASSIVE DAMAGE!! (PAUSE)
You closely miss Fannar.
You feel yourself speed up.
The ice beast hits you but does no damage.
Fannar hits you but does no damage. The ice beast hits you.
* * * LOW HITPOINT WARNING * * *
The ice beast freezes you!
You feel yourself slow down.
* * * LOW HITPOINT WARNING * * *
Fannar says, "An icy embrace awaits you..."
Fannar hits you with a +0 quarterstaff of freezing.
* * * LOW HITPOINT WARNING * * *
You feel as though you will be slow longer.
Fannar freezes you.
* * * LOW HITPOINT WARNING * * *
😱 HP[-20] MP[+1]
You take 20 damage, and now have 16/74 hp.
MASSIVE DAMAGE!! (PAUSE)
Casting: Static Discharge (safe; 1% risk of failure)
Confirm with . or Enter, or press ? or * to list all spells.
Aiming: Airstrike (safe; 1% risk of failure)
Press: ? - help, Dir - move target, f - Fannar
Aim: Fannar, wielding a +0 quarterstaff of freezing, wearing a +2 robe of cold resistance and wearing a ring of ice (severely wounded, weak-willed, empty space bonus: 5/8)
The air twists around and strikes Fannar.
The ice beast hits you but does no damage.
Fannar hits you but does no damage. The ice beast hits you.
* * * LOW HITPOINT WARNING * * *
The ice beast freezes you!
You feel as though you will be slow longer.
* * * LOW HITPOINT WARNING * * *
😱 HP[-11] MP[-4]
You take 11 damage, and now have 5/74 hp.
You lost 4 mp, and now have 1/33 mp.
You closely miss Fannar.
Your tail-slap misses Fannar.
Fannar gestures at you while chanting. The bolt of cold hits you!
You die...

Skill      XL: |  1  2  3  4  5  6  7  8  9 10 |
---------------+-------------------------------+-----
Stealth        | 2 3 |  3.4
Air Magic      | 4 5 6 7 9 11 | 11.0
Conjurations   | 2 3 4 5 |  5.9
Spellcasting   | 3 4 5 6 8 10 | 10.4
Dodging        | 2 3 |  3.0
Fighting       | 1 2 |  2.3
Short Blades   | |  0.5

Action                   |  1- 3 |  4- 6 |  7- 9 | 10-12 || total
-------------------------+-------+-------+-------+-------++-------
Melee: Dagger            |    10 |     8 |       |       ||    18
       Tailslap          |     3 |     4 |       |       ||     7
       Rapier            |       |     7 |       |       ||     7
       Long sword        |       |       |       |    10 ||    10
       Punch             |       |       |       |     1 ||     1
 Cast: Shock             |    83 |    84 |   167 |    31 ||   365
       Static Discharge  |     6 |    28 |    52 |    11 ||    97
       Airstrike         |       |       |    45 |    80 ||   125
 Abil: Breathe Steam     |       |       |     1 |       ||     1
  Use: Scroll            |       |       |     6 |     7 ||    13
Armor: Skin              |    12 |    19 |    22 |     9 ||    62
Dodge: Dodged            |    25 |    35 |    41 |    16 ||   117

Levels and vault maps discovered:
D:1:      nzn_arrival_crosshair, layout_basic,
          shapermc_ecumenical_altar_acropolis, nicolae_grassy_gnolls
D:2:      layout_basic, serial_shops, nicolae_shop_bloodbath_and_beyond,
          uniq_robin
D:3:      layout_basic
D:4:      layout_layer_cave, kennysheep_little_box,
          minmay_temple_entry_butterflies, uniq_edmund
D:5:      layout_basic, uniq_eustachio
D:6:      layout_basic, serial_shops, nicolae_diamond_shop, sigmund_army
D:7:      layout_layer_cave, kennysheep_potato
D:8:      layout_loops_ring, enter_ossuary_2, gammafunk_ghost_abyssal_escape
D:9:      layout_basic
D:10:     layout_loops_cross, dpeg_oklobed_lair, enter_bailey_2
D:11:     layout_stronghold
Temple:   mainiacjoe_temple_hex_bubbles
Lair:1:   layout_regular_city, basic_altar, uniq_fannar

Notes
Turn   | Place    | Note
-------+----------+-------------------------------------------
     0 | D:1      | mortz the Draconian Air Elementalist began the quest for
                  | the Orb.
     0 | D:1      | Reached XP level 1. HP: 14/14 MP: 3/3
     0 | D:1      | magus.rc [v1.9.6]
   420 | D:1      | Reached skill level 2 in Stealth
   607 | D:1      | Reached XP level 2. HP: 20/20 MP: 1/5
   712 | D:1      | Learned a level 2 spell: Static Discharge
  1160 | D:1      | Found a faded altar of an unknown god.
  1384 | D:2      | Reached XP level 3. HP: 26/26 MP: 4/6
  1385 | D:2      | Noticed Robin
  1680 | D:2      | Killed Robin
  1681 | D:2      | Reached skill level 4 in Air Magic
  2305 | D:2      | Reached XP level 4. HP: 33/33 MP: 2/7
  2551 | D:2      | Found Xiaggu's Weapon Boutique.
  2828 | D:3      | Reached skill level 2 in Conjurations
  2881 | D:3      | Identified the +2 chain mail "Senotar" {rF- Will+ rCorr
                  | Int+2}
  2886 | D:3      | You pick up a book of the Tundra and begin reading...
  2886 | D:3      | You add the spells Hailstorm, Ice Form and Simulacrum to
                  | your library.
  2971 | D:3      | Reached skill level 3 in Spellcasting
  3368 | D:4      | You pick up a book of Geomancy and begin reading...
  3368 | D:4      | You add the spells Sandblast, Passwall and Stone Arrow to
                  | your library.
  3720 | D:4      | Noticed Edmund
  3845 | D:4      | Noticed an ogre
  3857 | D:4      | Killed an ogre
  3858 | D:4      | Reached XP level 5. HP: 36/38 MP: 0/10
  4296 | D:4      | Found a staircase to the Ecumenical Temple.
  4306 | Temple   | Entered the Ecumenical Temple
  4316 | Temple   | Became a worshipper of Vehumet
  4428 | D:4      | Found a shimmering altar of Xom.
  4901 | D:5      | Entered Level 5 of the Dungeon
  4905 | D:5      | Noticed an ogre
  4905 | D:5      | Noticed Eustachio
  4999 | D:5      | Reached XP level 6. HP: 41/45 MP: 2/11
  5089 | D:5      | Reached skill level 4 in Spellcasting
  5376 | D:5      | Reached skill level 2 in Dodging
  5376 | D:5      | Reached skill level 3 in Conjurations
  5560 | D:5      | Noticed a steam dragon
  5688 | D:5      | Reached skill level 5 in Air Magic
  6037 | D:5      | Your scales start taking on a pale cyan-grey colour.
  6037 | D:5      | Reached XP level 7. HP: 47/51 MP: 3/13
  6037 | D:5      | Gained mutation: You are immune to the effects of steam.
                  | [Pale Draconian growth]
  6142 | D:5      | HP: 5/51 [ogre/+0 giant spiked club (19)]
  6486 | D:5      | Killed a steam dragon
  6808 | D:6      | Reached skill level 1 in Fighting
  6808 | D:6      | Reached skill level 5 in Spellcasting
  6808 | D:6      | Reached skill level 4 in Conjurations
  6808 | D:6      | Reached skill level 6 in Air Magic
  7406 | D:6      | Found Otyoff's Antique Weapon Shoppe.
  7799 | D:6      | Reached XP level 8. HP: 59/59 MP: 15/15
  8432 | D:7      | Reached skill level 3 in Stealth
  8537 | D:7      | Noticed a manticore
  8737 | D:7      | You add the spells Sting, Poisonous Vapours and Olgreb's
                  | Toxic Radiance to your library.
  8743 | D:7      | Learned a level 4 spell: Airstrike
  8747 | D:7      | Learned a level 3 spell: Stone Arrow
  8765 | D:7      | Reached * piety under Vehumet
  8765 | D:7      | Offered knowledge of Magic Dart by Vehumet.
  8766 | D:7      | Reached skill level 6 in Spellcasting
  8853 | D:7      | magus.rc [v1.9.6]
  8976 | D:7      | Reached skill level 5 in Conjurations
  9237 | D:7      | Reached skill level 7 in Air Magic
  9299 | D:7      | Noticed a green ugly thing
  9315 | D:7      | Killed a green ugly thing
  9316 | D:7      | Reached XP level 9. HP: 57/64 MP: 1/19
  9457 | D:7      | Killed Eustachio
  9458 | D:7      | Reached skill level 7 in Spellcasting
  9476 | D:7      | Reached skill level 8 in Air Magic
  9645 | D:7      | You pick up a book of the Dragon and begin reading...
  9645 | D:7      | You add the spells Cause Fear, Dragon Form and Dragon's
                  | Call to your library.
 10054 | D:7      | Killed a manticore
 10441 | D:8      | Found a transporter.
 10454 | D:8      | Reached skill level 9 in Air Magic
 10621 | D:8      | Reached skill level 8 in Spellcasting
 10647 | D:8      | Noticed a hell hog
 10749 | D:8      | Found a sand-covered staircase.
 10754 | Ossuary  | Entered an ossuary
 10867 | Ossuary  | Offered knowledge of Freeze by Vehumet.
 10869 | Ossuary  | Reached ** piety under Vehumet
 11287 | D:8      | Offered knowledge of Dazzling Flash by Vehumet.
 11295 | D:8      | Reached skill level 2 in Fighting
 11567 | D:8      | Noticed DocClef's ghost (novice GnFi)
 11584 | D:8      | Found a one-way gate to the infinite horrors of the Abyss.
 11584 | D:8      | Found a transporter.
 11585 | D:8      | Noticed an ancient zyme
 11725 | D:8      | You pick up a book of Armaments and begin reading...
 11729 | D:8      | Learned a level 2 spell: Passwall
 11879 | D:8      | Reached *** piety under Vehumet
 11880 | D:8      | Reached skill level 3 in Dodging
 11880 | D:8      | Reached XP level 10. HP: 74/74 MP: 22/22
 12087 | D:8      | Noticed a cyan ugly thing
 12497 | D:9      | Reached skill level 9 in Spellcasting
 12554 | D:9      | You pick up a book of the Tundra and begin reading...
 12766 | D:9      | Reached skill level 10 in Air Magic
 12908 | D:10     | Entered Level 10 of the Dungeon
 13005 | D:10     | Found a staircase to the Lair.
 13239 | D:10     | Found a flagged portal.
 13247 | D:10     | Identified the +1 spear of Dishonesty {vorpal, rC+ rN+}
 13251 | Bailey   | Entered a bailey
 13291 | Bailey   | Offered knowledge of Fulminant Prism by Vehumet.
 13827 | Bailey   | Noticed an orc knight
 13827 | Bailey   | Noticed an orc knight
 13884 | Bailey   | Killed an orc knight
 13885 | Bailey   | Reached skill level 10 in Spellcasting
 14273 | Bailey   | Killed an orc knight
 14274 | Bailey   | Reached skill level 11 in Air Magic
 14408 | Bailey   | You add the spells Conjure Flame, Ignite Poison and Sticky
                  | Flame to your library.
 15205 | Lair:1   | Entered Level 1 of the Lair of Beasts
 15205 | Lair:1   | Noticed Fannar
 15228 | D:10     | HP: 16/74 [Fannar/+0 quarterstaff of freezing (3)]
 15229 | D:10     | HP: 5/74 [ice beast[Fannar] (9)]
 15230 | D:10     | Killed from afar by Fannar

Vanquished Creatures
  2 orc knights (Bailey)
  An ugly thing (D:7)
  A manticore (D:7)
  A shadow (D:9)
  3 wyverns
  2 steam dragons
  Eustachio (D:7)
  An acid dragon (D:10)
  A water moccasin (D:8)
  12 orc warriors
  An ice beast (D:8)
  4 ogres
  5 centaurs
  A phantom (D:7)
  An elf zombie (Ossuary)
  3 bullfrogs
  3 kobold brigands
  A gnoll sergeant (D:8)
  A wyvern zombie (D:8)
  13 wights
  A howler monkey (D:5)
  2 electric eels (D:7)
  A bullfrog zombie (D:5)
  2 centaur zombies
  3 human zombies (Ossuary)
  A hound (D:6)
  2 bullfrog skeletons (D:5)
  A jelly (D:4)
  2 iguanas (D:5)
  5 orc wizards
  A mummy (Ossuary)
  Robin (D:2)
  A howler monkey skeleton (D:5)
  2 adders
  8 gnolls
  4 white imps
  2 worms
  4 dart slugs
  30 orcs
  3 bats
  6 endoplasms
  3 giant cockroaches
  12 goblins
  7 hobgoblins
  3 quokkas
  3 ball pythons
  2 frilled lizards (D:2)
  3 goblin zombies (Ossuary)
  6 hobgoblin zombies (Ossuary)
  2 jackal zombies (Ossuary)
  17 kobolds
  13 kobold zombies (Ossuary)
  6 orc zombies (Ossuary)
  A rat (D:3)
218 creatures vanquished.

Vanquished Creatures (others)
  5 plants
5 creatures vanquished.

Grand Total: 223 creatures vanquished

Table legend:
 A = Non-vault XP
 B = Vault XP
 C = Vault XP percentage of total XP
 D = Non-vault monster count
 E = Vault monster count
 F = Vault count percentage of total count
                 A         B        C        D         E       F
            +---------+---------+-------+---------+---------+-------
      Total |    6123 |    3624 |  37.2 |     137 |      81 |  37.2
            +---------+---------+-------+---------+---------+-------
        D:1 |      24 |      23 |  48.9 |      13 |       6 |  31.6
        D:2 |      38 |      27 |  41.5 |      14 |       7 |  33.3
        D:3 |      56 |       0 |   0.0 |      10 |       0 |   0.0
        D:4 |     186 |       0 |   0.0 |       9 |       0 |   0.0
        D:5 |     711 |       0 |   0.0 |      13 |       0 |   0.0
        D:6 |     346 |      43 |  11.1 |       6 |       3 |  33.3
        D:7 |    1683 |     878 |  34.3 |      23 |       3 |  11.5
        D:8 |    1240 |       0 |   0.0 |      27 |       0 |   0.0
        D:9 |    1097 |       0 |   0.0 |      15 |       0 |   0.0
       D:10 |     742 |       0 |   0.0 |       7 |       0 |   0.0
    Ossuary |       0 |     329 | 100.0 |       0 |      36 | 100.0
     Bailey |       0 |    2324 | 100.0 |       0 |      26 | 100.0
            +---------+---------+-------+---------+---------+-------

Illustrated notes

Table legend:
 A = Kills in this place as a percentage of kills in entire the game.
 B = Kills by you in this place as a percentage of kills by you in the entire game.
 C = Kills by friends in this place as a percentage of kills by friends in the entire game.
 D = Other kills in this place as a percentage of other kills in the entire game.
 E = Experience gained in this place as a percentage of experience gained in the entire game.
 F = Experience gained in this place divided by the number of levels of this place that you have seen.
                   A       B       C       D       E      F
               +-------+-------+-------+-------+-------+----------------------
         Total | 100.0 | 100.0 |   N/A |   N/A | 100.0 | 649.8
       Dungeon |  71.6 |  71.6 |   N/A |   N/A |  72.8 | 644.9
       Ossuary |  16.5 |  16.5 |   N/A |   N/A |   3.4 | 329.0
        Bailey |  11.9 |  11.9 |   N/A |   N/A |  23.8 | 2324.0
               +-------+-------+-------+-------+-------+----------------------

Table legend: (Time is in decaauts)
 A = Elapsed time spent in this place.
 B = Non-inter-level travel time spent in this place.
 C = Inter-level travel time spent in this place.
 D = Time resting spent in this place.
 E = Time spent auto-exploring this place.
 F = Levels seen in this place.
 G = Mean time per level.
                   A        B        C        D        E       F      G
               +--------+--------+--------+--------+--------+-----+--------+
         Total |  15243 |  14701 |    542 |   2222 |   9868 |  15 | 1016.2 |
       Dungeon |  13385 |  12843 |    542 |   1440 |   9600 |  11 | 1216.8 |
        Temple |     19 |     19 |      0 |      0 |      4 |   1 |   19.0 |
          Lair |     10 |     10 |      0 |      0 |      0 |   1 |   10.0 |
       Ossuary |    525 |    525 |      0 |    162 |     89 |   1 |  525.0 |
        Bailey |   1301 |   1301 |      0 |    620 |    175 |   1 | 1301.0 |
               +--------+--------+--------+--------+--------+-----+--------+

Top non-repeatable levels by time:
     D:7: 2343 daAuts
     D:4: 1866 daAuts
     D:1: 1655 daAuts
     D:6: 1611 daAuts
     D:5: 1455 daAuts
  Bailey: 1301 daAuts
    D:10: 1014 daAuts
     D:8: 1011 daAuts
     D:2: 969 daAuts
     D:9: 739 daAuts
     D:3: 717 daAuts
 Ossuary: 525 daAuts
  Temple: 19 daAuts
  Lair:1: 10 daAuts
    D:11: 1 daAuts
